AoeStats
← i cant believe you're not butter

Arena

510523502Analyzed
1v1 RM · 2d ago on Oct 1, 2026· 57m 23s· 2 players
Game mode
Random Map
Map size
Tiny (2 player)
Population
200
Speed
Normal
Resources
Standard
Victory
Conquest
Starting age
Dark Age
Ending age
Imperial Age
RankedLock teamsTeams togetherTeam positionsShared explorationLock speedFull tech treeHidden civsTurbo modeCheats
Victory
Defeat
🇺🇸 Danes · United States
1370
+18
🇹🇼 Turks · Taiwan
1405
-18
i cant believe you're not butter
10:12 Feudal Age
14:07 Castle Age
12:28 Double-Bit Axe
13:33 Horse Collar
14:11 Fletching
18:04 Bodkin Arrow
20:19 Gold Mining
21:33 Bow Saw
22:06 Padded Archer Armor
24:55 Bloodlines
25:15 Ballistics
26:08 Thumb Ring
29:39 Wheelbarrow
28:50 Town Watch
29:47 Leather Archer Armor
34:22 Imperial Age
32:08 Hand Cart
31:39 Loom
32:01 Heavy Plow
32:18 Scale Barding Armor
33:45 Masonry
33:54 Stone Mining
34:41 Gold Shaft Mining
34:24 Husbandry
33:46 Light Cavalry
35:16 Bracer
35:46 Ring Archer Armor
36:24 Chemistry
34:48 Cranequins
37:19 Heavy Mounted Crossbowman
43:31 Conscription
43:47 Chain Barding Armor
43:38 Forging
46:39 Plate Barding Armor
garryvideo
11:12 Feudal Age
14:46 Castle Age
12:50 Double-Bit Axe
12:53 Horse Collar
15:31 Fletching
15:39 Fletching
22:22 Wheelbarrow
22:31 Wheelbarrow
23:02 Bodkin Arrow
24:08 Bow Saw
24:48 Bloodlines
25:12 Heavy Plow
26:16 Ballistics
26:04 Padded Archer Armor
28:56 Leather Archer Armor
29:37 Loom
33:29 Imperial Age
32:27 Hand Cart
32:57 Thumb Ring
33:28 Husbandry
34:54 Bracer
37:13 Parthian Tactics
37:18 Conscription
37:58 Scale Barding Armor
39:00 Ring Archer Armor
39:40 Chain Barding Armor
39:33 Gold Mining
41:45 Plate Barding Armor
41:46 Forging
44:05 Sipahi
47:21 Heavy Cavalry Archer
54:10 Iron Casting
57:42 Two-Man Saw
Connection lost

Rejoining the realm…

Still unreachable

The connection could not be restored.

Session expired

The server has moved on; the page needs a fresh start.